 Dungeon Crawl Stone Soup version 0.29.1-12-g30fa7ad0bf (webtiles) character file.

Game seed: 12973020128294019149

98 safid the Shooter (level 4, 0/41 HPs)
             Began as a Minotaur Hunter on Dec 14, 2022.
             Killed by divine providence
             ... invoked by an orc priest
              (16 damage)
             ... on level 3 of the Dungeon.
             The game lasted 00:02:17 (1177 turns).

safid the Shooter (Minotaur Hunter)                 Turns: 1177, Time: 00:02:18

Health: 0/41       AC:  4    Str: 15    XL:     4   Next: 44%
Magic:  3/3        EV: 12    Int:  6    God:
Gold:   138        SH:  0    Dex: 16    Spells: 3/3 levels left

rFire   . . .      SeeInvis .   a - +0 shortbow
rCold   . . .      Faith    .   (shield currently unavailable)
rNeg    . . .      Spirit   .   c - +0 leather armour
rPois   .          Reflect  .   (helmet restricted)
rElec   .          Harm     .   h - +0 cloak
rCorr   .          Rampage  .   (no gloves)
Will    .....                   (no boots)
Stlth   +.........              (no amulet)
HPRegen 0.13/turn               (no ring)
MPRegen 0.08/turn               (no ring)

@: no status effects
A: horns 2, retaliatory headbutt
a: no special abilities


You were on level 3 of the Dungeon.
You visited 1 branch of the dungeon, and saw 3 of its levels.

You collected 138 gold pieces.

Inventory:

Hand Weapons
 a - a +0 shortbow (weapon)
Armour
 c - a +0 leather armour (worn)
 h - a +0 cloak (worn)
 p - a +1 pair of boots
Jewellery
 m - a ring of fire
Scrolls
 b - a scroll of immolation
 d - 4 scrolls of identify {unknown}
 e - a scroll of enchant weapon {unknown}
 f - a scroll of silence {unknown}
 j - a scroll of teleportation {unknown}
 k - a scroll of blinking {unknown}
 n - a scroll of vulnerability {unknown}
Potions
 g - 2 potions of curing {unknown}
 i - a potion of flight {unknown}
 l - a potion of haste {unknown}
 o - a potion of might {unknown}


   Skills:
 + Level 4.4 Fighting
 + Level 5.5 Ranged Weapons
 - Level 2.1 Dodging
 - Level 0.7 Stealth


You had 3 spell levels left.
You didn't know any spells.
Your spell library was empty.

Dungeon Overview and Level Annotations

Branches:
Dungeon (3/15)

Altars:


Innate Abilities, Weirdness & Mutations

You have a pair of horns on your head.
You reflexively headbutt those who attack you in melee.


Message History

n - a scroll labelled LYEPAK KIMIYR;
o - a golden potion An orc comes into view.
It is wielding a +0 short sword.
You shoot an arrow. The arrow hits the orc!
You kill the orc!
You hear a shout!
No target in view!
No target in view!
No target in view!
An orc priest comes into view. It is wielding a +0 short sword.
You see here a +1 pair of boots.
p - a +1 pair of boots
There is a stone staircase leading up here.
You shoot an arrow. The arrow hits the orc priest.
The orc priest is lightly wounded.
You shoot an arrow.
The arrow closely misses the orc priest.
You shoot an arrow.
The arrow closely misses the orc priest.
The orc priest invokes the aid of Beogh against you.
Beogh smites you!
You shoot an arrow. The arrow barely misses the orc priest.
The orc priest barely misses you.
You shoot an arrow.
The arrow closely misses the orc priest.
The orc priest mumbles some strange prayers to Beogh against you.
Pain shoots through your body!
You are too injured to fight recklessly!
You are too injured to fight recklessly!
You are too injured to fight recklessly!
You are too injured to fight recklessly!
You are too injured to fight recklessly!
Fire: a) +0 shortbow
Press: ? - help, Q - select action Shift-Dir - straight line, f/p - orc priest
Aim: an orc priest, wielding a +0 short sword (lightly wounded, 64% to hit)
You shoot an arrow. The arrow hits the orc priest.
The orc priest is lightly wounded.
The orc priest hits you with a +0 short sword.
The orc priest calls down the wrath of Beogh upon you.
Beogh smites you!
You die...

.. #.# #. ...... . #.
..##........## .) #.###
#..#.........## ## ... o...
........ ... .. ..##..# #..#..#
..###.### ....#
#....####........
#..#######............###
#.#......@..............
#...####o.....#.###.....#
..#####...##....#.....###......
........#....##.#.#..†.........
P.#####.............#..##......
P........####.....###..##.....
P.######## #...#.####.....####
#..##..#...........
.........##.#.....#


You could see an orc priest.

Vanquished Creatures
  Jessica (D:2)
  2 adders (D:2)
  A worm (D:2)
  A dart slug (D:2)
  An orc (D:3)
  2 endoplasms
  4 goblins
  3 hobgoblins (D:1)
  9 jackals
  2 quokkas
  6 ball pythons
  5 bats
  4 frilled lizards (D:1)
  5 kobolds
  4 rats
50 creatures vanquished.

Notes
Turn   | Place    | Note
-------+----------+-------------------------------------------
     0 | D:1      | safid the Minotaur Hunter began the quest for the Orb.
     0 | D:1      | Reached XP level 1. HP: 18/18 MP: 0/0
    94 | D:1      | Reached XP level 2. HP: 25/25 MP: 1/1
   209 | D:1      | Found a faded altar of an unknown god.
   692 | D:2      | Noticed Jessica
   696 | D:2      | Killed Jessica
   697 | D:2      | Reached skill level 5 in Ranged Weapons
   697 | D:2      | Reached XP level 3. HP: 33/33 MP: 2/2
   750 | D:2      | Reached XP level 4. HP: 39/40 MP: 3/3
  1177 | D:3      | Killed from afar by an orc priest

Illustrated notes

Levels and vault maps discovered:
D:1:      kennysheep_arrival_forest, layout_basic,
          ebering_ecumenical_altar_abandoned
D:2:      layout_rooms, uniq_jessica
D:3:      layout_rooms, mainiacjoe_overflow_boulevard, lightli_temple_of_fire,
          mainiacjoe_overflow_big_doors, uniq_sigmund

Skill      XL: |  1  2  3 |
---------------+----------+-----
Fighting       | 3 4 |  4.4
Ranged Weapons | 5 |  5.5
Dodging        | |  2.1
Stealth        | |  0.7

Action                   |  1- 3 |  4- 6 || total
-------------------------+-------+-------++-------
 Fire: Shortbow          |    69 |    51 ||   120
Armor: Leather armour    |    12 |     3 ||    15
Dodge: Dodged            |    14 |    14 ||    28
